mak, chaotic male human Rogue ############ #----- # --------------- #|...-########|.............| #|.[.| #..<...d@......| ------------ #|...| |..(....r.....| |`.......))`) ###....| ---------@----- |.....`.. # |).)| #### | ----- ----- # ## -|-|- ^ |...| `#########....| |...| |...| |...| ----- mak the Cutpurse Experience level: 3 Strength: 15 Dexterity: 18 Constitution: 14 Intelligence: 10 Wisdom: 12 Charisma: 7 Health: 0(23) Energy: 14(14) Def: 7 Gold: 256 Moves: 2479 Dungeon seed: 2wpvZv_LwjAJ8eX1 Game ID: mak_1472634775 Your Inventory: Coins $ - 256 gold pieces Weapons a - a +0 short sword (weapon in hand) b - 5 +0 daggers (in quiver) i - 9 cursed +0 darts k - 10 +0 elven arrows v - a +0 dagger x - 8 +1 ya Armor e - an uncursed +1 leather armor (being worn) n - a blessed +2 orcish helm (being worn) q - an uncursed +0 cloak of displacement (being worn) Comestibles h - an uncursed food ration A - an uncursed egg Scrolls m - an uncursed scroll of destroy armor Spellbooks o - an uncursed spellbook of charm monster s - an uncursed spellbook of magic missile B - an uncursed spellbook of create monster Potions c - 2 uncursed potions of sickness g - an uncursed potion of blindness j - an uncursed potion of healing t - an uncursed potion of gain ability w - an uncursed potion of full healing Rings y - a cursed ring of hunger Tools d - an uncursed lock pick f - an uncursed sack Spells and supernatural/magical abilities: Name Level Category Fail Memory e - charm monster 3 enchantment 100% 99% W - pray for help -- divine ? -- Your skills at the end: Fighting Skills Weapon Skills dagger [Basic] short sword [Basic] Spellcasting Skills Final Attributes: You were piously aligned. You were displaced. You were stealthy. You are dead. Vanquished creatures: a shrieker a gnome lord a red naga hatchling a floating eye 2 iguanas an acid blob 2 coyotes a hobbit a hobgoblin a giant rat a gnome a gnome zombie 4 geckos 4 jackals a fox a goblin a sewer rat 4 lichens 2 newts 31 creatures vanquished. Voluntary challenges: You were an atheist. You used a wielded weapon 5 times, starting on turn 728. You read items or engraved 13 times, starting on turn 2243. You never genocided any monsters. You never polymorphed an object. You never changed form. You used no wishes. You never split a pudding. You never wrote Elbereth's name. You never violated your personal moral code. Dungeon overview: The Dungeons of Doom: levels 1 to 7 Level 1 a long staircase Level 2 an armor shop, a fountain Level 3 a sink a long staircase Level 4 a fountain Level 5 some fountains Level 6 a fountain Level 7 <- You were here History has recorded: On T:1 you entered the Dungeons of Doom to retrieve the Amulet of Yendor! On T:211 you reached level 2 of The Dungeons of Doom. On T:553 you reached level 3 of The Dungeons of Doom. On T:580 you reached level 4 of The Dungeons of Doom. On T:1222 you reached level 5 of The Dungeons of Doom. On T:1873 you reached level 6 of The Dungeons of Doom. On T:1978 you advanced to experience level 2. On T:2268 you reached level 7 of The Dungeons of Doom. On T:2430 you advanced to experience level 3. Score breakdown: Gold: 256 ( 8197 points) Experience: 3 levels ( 7878 points) Exploration: 7 levels ( 14.29%) (10606 points) Discoveries: 3 items ( 1.01%) ( 3010 points) Valuables value: (no points given unless you survive) Artifact value: 0 ( 0 points) Variety of kills: 19 monsters ( 4.99%) ( 6699 points) Turncount: 2479 turns ( -318 points) Survival: died (score multiplied by 80%) Total score: 28857 Latest messages:  iU bites the wererat. This door is locked. You succeed in picking the lock.  iU bites the wererat.  iU misses the wererat. The door opens. The wererat misses.  iU misses the wererat. The wererat changes into a rat. The wererat's armor falls around it! The wererat summons help! The wererat strikes at your displaced image and misses you!  iU bites the wererat. You hear some noises. The wererat changes into a human. You hit the rabid rat. The rabid rat bites! (2x) You die... The sack is empty. The sack is empty. Final status: Goodbye mak the Rogue, killed by a rabid rat... You died in The Dungeons of Doom on dungeon level 7 with 28857 points, and 256 pieces of gold, after 2479 moves. You were level 3 with a maximum of 23 hit points when you died.